 Dungeon Crawl Stone Soup version 0.31-a0-441-g867994ef1c (webtiles) character file.

Game seed: 16990682291156164379

305 Vomitron the Digger (level 6, 0/37 HPs)
             Began as a Gargoyle Earth Elementalist on Aug 2, 2023.
             Slain by an orc
             ... wielding a +0 hand axe
              (4 damage)
             ... on level 4 of the Dungeon.
             The game lasted 00:04:26 (3352 turns).

Vomitron the Digger (Gargoyle Earth Elementalist)   Turns: 3352, Time: 00:04:26

Health: 0/37       AC:  6    Str: 12    XL:     6   Next: 39%
Magic:  8/10       EV: 11    Int: 17    God:
Gold:   138        SH:  0    Dex: 10    Spells: 5/11 levels left

rFire   . . .        d - +2 whip (venom)
rCold   . . .        (no shield)
rNeg    + . .        a - +0 robe
rPois   ∞            (no helmet)
rElec   +            (no cloak)
rCorr   .            (no gloves)
SInv    +            (no boots)
Will    +....        (no amulet)
Stlth   ++           v - ring of see invisible
HPRegen 0.26/turn    e - ring of willpower
MPRegen 0.12/turn

%: no passive effects
@: no status effects
A: sickness immunity, AC +4, negative energy resistance 1, electricity
resistance, torment resistance 1, petrification resistance
a: no special abilities


You were on level 4 of the Dungeon.
You visited 1 branch of the dungeon, and saw 4 of its levels.

You collected 138 gold pieces.

Inventory:

Hand Weapons
 d - a +2 whip of venom (weapon)
 m - a +3 whip
Missiles
 g - 6 curare-tipped darts
Armour
 a - a +0 robe (worn)
Jewellery
 e - a ring of willpower (right hand)
 i - a ring of flight
 v - a ring of see invisible (left hand)
Wands
 l - a wand of flame (28)
Scrolls
 c - 3 scrolls of identify {unknown}
 j - a scroll of immolation {unknown}
 k - a scroll of teleportation {unknown}
 o - a scroll of enchant armour {unknown}
 p - a scroll of butterflies {unknown}
 q - a scroll of amnesia {unknown}
 s - a scroll of noise {unknown}
 u - a scroll of fog {unknown}
Potions
 b - a potion of magic
 f - 2 potions of heal wounds {unknown}
 h - a potion of cancellation {unknown}
 n - 2 potions of might {unknown}
 r - a potion of lignification {unknown}
 t - a potion of invisibility {unknown}


   Skills:
 + Level 3.0 Fighting
 - Level 1.5 Dodging
 - Level 2.1 Stealth
 + Level 3.3 Spellcasting
 + Level 1.7 Conjurations
 - Level 0.7 Transmutations
 * Level 6.2 Earth Magic


You had 5 spell levels left.
You knew the following spells:

 Your Spells              Type           Power      Damage    Failure   Level
a - Sandblast             Erth           46%        2d11      1%          1
b - Passwall              Tmut/Erth      11%        N/A       6%          2
c - Stone Arrow           Conj/Erth      32%        3d9       10%         3

Your spell library contained the following spells:

 Spells                   Type           Power      Damage    Failure   Level
 Magic Dart               Conj           32%        1d4       9%          1
 Shock                    Conj/Air       20%        1d4       12%         1
 Slow                     Hex            8%         N/A       17%         1
 Petrify                  Tmut/Erth      14%        N/A       38%         4


Dungeon Overview and Level Annotations

Branches:
Dungeon (4/15)
 Temple: D:4-7

Altars:


Innate Abilities, Weirdness & Mutations

You are immune to sickness and miasma.
Your stone body is resilient. (AC +4)
You are immune to poison.
You resist negative energy. (rN+)
You are resistant to electric shocks. (rElec)
You are resistant to unholy torment.
You are immune to petrification.


Message History

The orc misses you.
You hit the orc.
The orc is poisoned.
The orc is moderately wounded.
You hit the orc.
The orc is lightly wounded.
The orc hits you with a +0 club. The orc closely misses you.
You hit the orc.
The orc is poisoned.
The orc is moderately wounded.
The orc hits you but does no damage. The orc closely misses you.
The orc barely misses you.
You closely miss the orc.
The orc is heavily wounded.
The orc closely misses you. The orc hits you with a +0 hand axe.
The orc barely misses you. The orc closely misses you.
The orc hits you but does no damage. The orc completely misses you.
You completely miss the orc.
The orc is almost dead.
You kill the orc!
The orc closely misses you. The orc barely misses you.
You hit the orc.
You kill the orc!
The orc closely misses you. x2
You barely miss the orc priest.
The orc priest calls down the wrath of Beogh upon you.
Beogh smites you! The orc hits you with a +0 club. The orc barely misses you.
You hit the orc priest.
The orc priest is moderately wounded.
The orc hits you but does no damage. The orc priest barely misses you.
The orc hits you with a +0 hand axe.
* * * LOW HITPOINT WARNING * * *
You hit the orc priest.
The orc priest is poisoned.
The orc priest is severely wounded.
You kill the orc priest!
The orc barely misses you. The orc hits you with a +0 hand axe.
* * * LOW HITPOINT WARNING * * *
Your Fighting skill increases to level 3!
You closely miss the orc.
The orc is heavily wounded.
The orc barely misses you. The orc hits you with a +0 hand axe.
You die...

#....#.....'......)..#.....
#....#.....#.......).#.....
#....'.....#.....)...#.....
#'####.....########'##.....
#....###...............##+#
#......#...............#...
#......#...............#...
#......#.oo............'...
########.)@............#'##
.........#######.....###...
.........# #.....#.....
.....†..o# #.....#.....
........o# #.....#.....
.........+ #.....#.....
.........# +.....'..>(.
.........# #.....#.....
.......).# #.....######


You could see 2 orcs.

Vanquished Creatures
  A scorpion (D:2)
  An orc priest (D:4)
  An iguana (D:4)
  4 gnolls (D:3)
  5 adders
  5 worms
  4 dart slugs
  12 orcs
  4 bats
  4 endoplasms
  4 giant cockroaches
  2 goblins
  5 hobgoblins (D:1)
  9 jackals
  2 quokkas (D:1)
  A ball python (D:2)
  3 frilled lizards
  9 kobolds
  5 rats
81 creatures vanquished.

Notes
Turn   | Place    | Note
-------+----------+-------------------------------------------
     0 | D:1      | Vomitron the Gargoyle Earth Elementalist began the quest
                  | for the Orb.
     0 | D:1      | Reached XP level 1. HP: 10/10 MP: 3/3
   192 | D:1      | Reached XP level 2. HP: 16/16 MP: 3/5
   195 | D:1      | Reached skill level 4 in Earth Magic
   561 | D:1      | Reached skill level 1 in Fighting
   785 | D:1      | Reached XP level 3. HP: 20/20 MP: 4/6
  1264 | D:1      | Learned a level 2 spell: Passwall
  1487 | D:2      | Noticed a scorpion
  1492 | D:2      | Killed a scorpion
  1493 | D:2      | Reached skill level 5 in Earth Magic
  1493 | D:2      | Reached XP level 4. HP: 23/26 MP: 2/8
  1632 | D:2      | Learned a level 3 spell: Stone Arrow
  1646 | D:2      | Reached XP level 5. HP: 30/30 MP: 6/9
  1938 | D:2      | Got Practicing Magic
  2035 | D:2      | Found a faded altar of an unknown god.
  2322 | D:3      | Reached skill level 1 in Conjurations
  3150 | D:4      | Reached skill level 6 in Earth Magic
  3150 | D:4      | Reached XP level 6. HP: 36/36 MP: 4/10
  3352 | D:4      | Slain by an orc

Illustrated notes

Levels and vault maps discovered:
D:1:      lemuel_arrival_lava_pool, layout_basic, minmay_misc_feat_diagonals
D:2:      layout_basic, shapermc_ecumenical_altar_acropolis, minivault_24
D:3:      layout_basic
D:4:      wander_river, layout_gridville

Skill      XL: |  1  2  3  4  5  6 |
---------------+-------------------+-----
Earth Magic    | 4 5 6 |  6.2
Fighting       | 1 2 3 |  3.0
Spellcasting   | 3 |  3.3
Conjurations   | 1 |  1.7
Dodging        | |  1.5
Stealth        | |  2.1
Transmutations | |  0.7

Action                     |  1- 3 |  4- 6 || total
---------------------------+-------+-------++-------
  Melee: Unarmed           |     8 |       ||     8
         Whip              |    13 |    32 ||    45
   Cast: Sandblast         |    46 |    63 ||   109
         Passwall          |     2 |       ||     2
         Stone Arrow       |       |     1 ||     1
 Armour: Robe              |    13 |    16 ||    29
  Dodge: Dodged            |    15 |    36 ||    51

Table legend: (Time is in decaauts)
 A = Elapsed time spent in this place.
 B = Non-inter-level travel time spent in this place.
 C = Inter-level travel time spent in this place.
 D = Time resting spent in this place.
 E = Time spent auto-exploring this place.
 F = Levels seen in this place.
 G = Mean time per level.
                   A        B        C        D        E       F      G
               +--------+--------+--------+--------+--------+-----+--------+
         Total |   3409 |   3267 |    142 |      9 |   2735 |   4 |  852.2 |
       Dungeon |   3409 |   3267 |    142 |      9 |   2735 |   4 |  852.2 |
               +--------+--------+--------+--------+--------+-----+--------+

Top non-repeatable levels by time:
     D:1: 1363 daAuts
     D:2: 981 daAuts
     D:3: 841 daAuts
     D:4: 223 daAuts
